TOP OF THE 1ST |
Portland Sea Dogs batting - Pitching for New Hampshire Fisher Cats : LHP Alfonso Guillen
|
Pitching: LHP Alfonso Guillen
|
|
Batting: RHB John Chiesa
|
0-0: Ball 1-0: Called Strike 1-1: Swinging Strike 1-2: Ball 2-2: Ground out U3 (Groundball, 13, EV 93.1 MPH)
|
Batting: LHB Blake Sams
|
0-0: Ball 1-0: Called Strike 1-1: Called Strike 1-2: Fly out, F8 (Flyball, 89M, EV 91.9 MPH)
|
Batting: RHB Manny Jurado
|
0-0: Ball 1-0: Foul Ball, location: 2F 1-1: Called Strike 1-2: Ball 2-2: Strikes out looking
|
Top of the 1st over - 0 runs, 0 hits, 0 errors, 0 left on base; Portland 0 - New Hampshire 0 |
BOTTOM OF THE 1ST |
New Hampshire Fisher Cats batting - Pitching for Portland Sea Dogs : RHP Chris Cory
|
Pitching: RHP Chris Cory
|
|
Batting: LHB Yoshinari Nara
|
0-0: Called Strike 0-1: Ball 1-1: Swinging Strike 1-2: Foul Ball, location: 2F 1-2: Ball 2-2: Ball 3-2: Hit by Pitch
|
Batting: LHB Sumiki Okuhara
|
0-0: Ball Yoshinari Nara steals 2nd base (no throw) 1-0: Called Strike 1-1: Called Strike 1-2: Ground out 4-3 (Groundball, 4, EV 84.4 MPH) Yoshinari Nara to third
|
Batting: RHB Adam McGurn
|
0-0: Ball 1-0: Ball 2-0: Called Strike 2-1: Fly out, F9 (Line Drive, 9, EV 87.5 MPH) Runner from 3rd tags up, SCORES, no throw by RF
|
Batting: LHB Rodrigo Briceno
|
0-0: Ball 1-0: Foul Ball, location: 2F 1-1: Swinging Strike 1-2: Foul Ball, location: 2F 1-2: Fly out, F3 (Popup, 23F, EV 87.5 MPH)
|
Bottom of the 1st over - 1 run, 0 hits, 0 errors, 0 left on base; Portland 0 - New Hampshire 1 |
TOP OF THE 2ND |
Portland Sea Dogs batting - Pitching for New Hampshire Fisher Cats : LHP Alfonso Guillen
|
Batting: RHB Neil Mautone
|
0-0: Foul Ball, location: 2F 0-1: Ball 1-1: Ball 2-1: Foul Ball, location: 2F 2-2: Strikes out looking
|
Batting: LHB Jarrett Mordecai
|
0-0: SINGLE (Line Drive, 6D, EV 105.0 MPH)
|
Batting: RHB Joe Evrard
|
0-0: Ball 1-0: Swinging Strike 1-1: Ball 2-1: Grounds into double play, 6-4-3 (Groundball, 6, EV 106.2 MPH)
|
Top of the 2nd over - 0 runs, 1 hit, 0 errors, 0 left on base; Portland 0 - New Hampshire 1 |
BOTTOM OF THE 2ND |
New Hampshire Fisher Cats batting - Pitching for Portland Sea Dogs : RHP Chris Cory
|
Batting: RHB Finn Ross
|
0-0: Called Strike 0-1: Foul Ball, location: 2F 0-2: Foul Ball, location: 2F 0-2: Fly out, F9 (Flyball, 9, EV 90.0 MPH)
|
Batting: RHB Tony Rosas
|
0-0: Ball 1-0: Swinging Strike 1-1: Ground out 6-3 (Groundball, 56, EV 103.8 MPH)
|
Batting: RHB Cyril Husson
|
0-0: Fly out, F7 (Flyball, 78M, EV 90.0 MPH)
|
Bottom of the 2nd over - 0 runs, 0 hits, 0 errors, 0 left on base; Portland 0 - New Hampshire 1 |
TOP OF THE 3RD |
Portland Sea Dogs batting - Pitching for New Hampshire Fisher Cats : LHP Alfonso Guillen
|
Batting: LHB Mike Jones
|
0-0: Ball 1-0: SOLO HOME RUN (Flyball, 9D, EV 100.6 MPH), Distance : 394 ft
|
Batting: RHB Kyle Holland
|
0-0: Called Strike 0-1: Ball 1-1: Reached on error, E6 (Groundball, 6, EV 82.5 MPH)
|
Batting: RHB Trent Hood
|
0-0: Called Strike 0-1: Ball 1-1: Ball 2-1: Swinging Strike 2-2: Strikes out swinging
|
Batting: RHB John Chiesa
|
0-0: Ball 1-0: Ball 2-0: Ground out 5-3 (Groundball, 5S, EV 69.4 MPH) Kyle Holland to third
|
Batting: LHB Blake Sams
|
0-0: Ball 1-0: Ball 2-0: Ball 3-0: Base on Balls
|
Batting: RHB Manny Jurado
|
0-0: Ball 1-0: Called Strike 1-1: Ball Wild Pitch! Kyle Holland scores Blake Sams to second 2-1: Swinging Strike 2-2: Strikes out swinging
|
Top of the 3rd over - 2 runs, 1 hit, 1 error, 1 left on base; Portland 2 - New Hampshire 1 |
BOTTOM OF THE 3RD |
New Hampshire Fisher Cats batting - Pitching for Portland Sea Dogs : RHP Chris Cory
|
Batting: RHB Darren McCarty Jr.
|
0-0: Ball 1-0: Called Strike 1-1: Called Strike 1-2: Foul Ball, location: 2F 1-2: Foul Ball, location: 2F 1-2: Fly out, F4 (Popup, 4D, EV 47.5 MPH)
|
Batting: SHB Tristan Dearing
|
0-0: Called Strike 0-1: Ball 1-1: Foul Ball, location: 2F 1-2: Ground out 4-3 (Groundball, 4, EV 85.6 MPH)
|
Batting: LHB Yoshinari Nara
|
0-0: Ball 1-0: Called Strike 1-1: Fly out, F1 (Line Drive, P, EV 68.1 MPH)
|
Bottom of the 3rd over - 0 runs, 0 hits, 0 errors, 0 left on base; Portland 2 - New Hampshire 1 |
TOP OF THE 4TH |
Portland Sea Dogs batting - Pitching for New Hampshire Fisher Cats : LHP Alfonso Guillen
|
Batting: RHB Neil Mautone
|
0-0: Ground out 6-3 (Groundball, 6, EV 90.6 MPH)
|
Batting: LHB Jarrett Mordecai
|
0-0: Foul Ball, location: 2F 0-1: Called Strike 0-2: Ball 1-2: Strikes out looking
|
Batting: RHB Joe Evrard
|
0-0: Foul Ball, location: 2F 0-1: Ball 1-1: Foul Ball, location: 2F 1-2: Strikes out swinging
|
Top of the 4th over - 0 runs, 0 hits, 0 errors, 0 left on base; Portland 2 - New Hampshire 1 |
BOTTOM OF THE 4TH |
New Hampshire Fisher Cats batting - Pitching for Portland Sea Dogs : RHP Chris Cory
|
Batting: LHB Sumiki Okuhara
|
0-0: Called Strike 0-1: Ball 1-1: Fly out, F4 (Line Drive, 4, EV 71.2 MPH)
|
Batting: RHB Adam McGurn
|
0-0: Ball 1-0: Ball 2-0: Ball 3-0: Called Strike 3-1: Base on Balls
|
Batting: LHB Rodrigo Briceno
|
0-0: Ball 1-0: Ball 2-0: Ball 3-0: Swinging Strike 3-1: Grounds into double play, 5-6-3 (Groundball, 6, EV 87.5 MPH)
|
Bottom of the 4th over - 0 runs, 0 hits, 0 errors, 0 left on base; Portland 2 - New Hampshire 1 |
TOP OF THE 5TH |
Portland Sea Dogs batting - Pitching for New Hampshire Fisher Cats : LHP Alfonso Guillen
|
Batting: LHB Mike Jones
|
0-0: Swinging Strike 0-1: Ball 1-1: Foul Ball, location: 2F 1-2: Strikes out swinging
|
Batting: RHB Kyle Holland
|
0-0: Called Strike 0-1: Foul Ball, location: 2F 0-2: Strikes out swinging
|
Batting: RHB Trent Hood
|
0-0: Ball 1-0: Called Strike 1-1: Ball 2-1: Called Strike 2-2: Foul Ball, location: 2F 2-2: Strikes out swinging, 2-3 out at first.
|
Top of the 5th over - 0 runs, 0 hits, 0 errors, 0 left on base; Portland 2 - New Hampshire 1 |
BOTTOM OF THE 5TH |
New Hampshire Fisher Cats batting - Pitching for Portland Sea Dogs : RHP Chris Cory
|
Batting: RHB Finn Ross
|
0-0: Ground out 6-3 (Groundball, 6, EV 83.8 MPH)
|
Batting: RHB Tony Rosas
|
0-0: Swinging Strike 0-1: Ball 1-1: Fly out, F7 (Flyball, 7D, EV 95.0 MPH)
|
Batting: RHB Cyril Husson
|
0-0: Ball 1-0: Foul Ball, location: 2F 1-1: Ball 2-1: Swinging Strike 2-2: Ball 3-2: Strikes out swinging
|
Bottom of the 5th over - 0 runs, 0 hits, 0 errors, 0 left on base; Portland 2 - New Hampshire 1 |
TOP OF THE 6TH |
Portland Sea Dogs batting - Pitching for New Hampshire Fisher Cats : LHP Alfonso Guillen
|
Batting: RHB John Chiesa
|
0-0: Foul Ball, location: 2F 0-1: Ball 1-1: Ball 2-1: Ground out 6-3 (Groundball, 6, EV 100.6 MPH)
|
Batting: LHB Blake Sams
|
0-0: Ball 1-0: Ball 2-0: Called Strike 2-1: Swinging Strike 2-2: Ball 3-2: DOUBLE (Flyball, 8LXD, EV 98.1 MPH)
|
Batting: RHB Manny Jurado
|
0-0: Ball 1-0: Ball 2-0: Called Strike 2-1: Foul Ball, location: 2F 2-2: Foul Ball, location: 2F 2-2: Ball 3-2: Strikes out swinging
|
Batting: RHB Neil Mautone
|
0-0: Ball 1-0: Foul Ball, location: 2F 1-1: Ball 2-1: Ball 3-1: Foul Ball, location: 2F 3-2: SINGLE (Flyball, 4MD, EV 86.9 MPH) Blake Sams to third Runner from 3rd tries for Home, SAFE, throw by CF to home
|
Batting: LHB Jarrett Mordecai
|
0-0: Foul Ball, location: 2F 0-1: Ball Pickoff Throw to First - Out! 1-3
|
Top of the 6th over - 1 run, 2 hits, 0 errors, 0 left on base; Portland 3 - New Hampshire 1 |
BOTTOM OF THE 6TH |
New Hampshire Fisher Cats batting - Pitching for Portland Sea Dogs : RHP Chris Cory
|
Batting: RHB Darren McCarty Jr.
|
0-0: Ball 1-0: Swinging Strike 1-1: Foul Ball, location: 2F 1-2: Strikes out looking
|
Batting: SHB Tristan Dearing
|
0-0: SINGLE (Groundball, 34D, EV 101.9 MPH)
|
Batting: LHB Yoshinari Nara
|
0-0: Ball 1-0: Called Strike 1-1: Ball 2-1: Foul Ball, location: 2F 2-2: Ball 3-2: Strikes out swinging
|
Batting: LHB Sumiki Okuhara
|
0-0: Called Strike Tristan Dearing steals 2nd base 0-1: Ball 1-1: Ground out 4-3 (Groundball, 34D, EV 95.0 MPH)
|
Bottom of the 6th over - 0 runs, 1 hit, 0 errors, 1 left on base; Portland 3 - New Hampshire 1 |
TOP OF THE 7TH |
Portland Sea Dogs batting - Pitching for New Hampshire Fisher Cats : LHP Alfonso Guillen
|
Batting: LHB Jarrett Mordecai
|
0-0: Ball 1-0: Ball 2-0: Called Strike 2-1: Ball 3-1: Base on Balls
|
Batting: RHB Joe Evrard
|
0-0: Ball 1-0: Called Strike 1-1: Bunted foul 1-2: Foul Ball, location: 2F 1-2: 2-RUN HOME RUN (Line Drive, 78XD, EV 103.8 MPH), Distance : 427 ft
|
Pitching: RHP Omar Torres
|
|
Batting: LHB Mike Jones
|
0-0: Ball 1-0: Ball 2-0: Ball 3-0: Base on Balls
|
Batting: RHB Kyle Holland
|
0-0: Ball 1-0: Swinging Strike 1-1: Fielders Choice at 2nd, 6-4 (Groundball, 6M, EV 94.4 MPH)
|
Batting: RHB Trent Hood
|
0-0: Ball 1-0: Called Strike 1-1: Ball 2-1: Ball 3-1: Foul Ball, location: 2F 3-2: Foul Ball, location: 2F 3-2: Foul Ball, location: 2F 3-2: Fly out, F9 (Flyball, 9LS, EV 80.0 MPH)
|
Batting: RHB John Chiesa
|
0-0: Ball 1-0: Ball Kyle Holland steals 2nd base 2-0: Foul Ball, location: 2F 2-1: Ground out 5-3 (Groundball, 56, EV 104.4 MPH)
|
Top of the 7th over - 2 runs, 1 hit, 0 errors, 1 left on base; Portland 5 - New Hampshire 1 |
BOTTOM OF THE 7TH |
New Hampshire Fisher Cats batting - Pitching for Portland Sea Dogs : RHP Chris Cory
|
Batting: RHB Adam McGurn
|
0-0: SOLO HOME RUN (Flyball, 7LD, EV 93.1 MPH), Distance : 356 ft
|
Batting: LHB Rodrigo Briceno
|
0-0: Foul Ball, location: 2F 0-1: Fly out, F6 (Flyball, 6D, EV 81.9 MPH)
|
Batting: RHB Finn Ross
|
0-0: Called Strike 0-1: Ball 1-1: Foul Ball, location: 2F 1-2: Ball 2-2: Ball 3-2: SINGLE (Line Drive, 4M, EV 98.8 MPH)
|
Batting: RHB Tony Rosas
|
0-0: Ball 1-0: Ball Finn Ross steals 2nd base 2-0: Called Strike 2-1: Fly out, F4 (Popup, 4M, EV 70.6 MPH)
|
Batting: RHB Cyril Husson
|
0-0: Ball 1-0: Foul Ball, location: 2F 1-1: Ball 2-1: Ground out 5-3 (Groundball, 56S, EV 79.4 MPH)
|
Bottom of the 7th over - 1 run, 2 hits, 0 errors, 1 left on base; Portland 5 - New Hampshire 2 |
TOP OF THE 8TH |
Portland Sea Dogs batting - Pitching for New Hampshire Fisher Cats : RHP Omar Torres
|
Batting: LHB Blake Sams
|
0-0: Foul Ball, location: 2F 0-1: Fly out, F4 (Flyball, 34D, EV 93.8 MPH)
|
Batting: RHB Manny Jurado
|
0-0: Called Strike 0-1: Ball 1-1: Swinging Strike 1-2: Ball 2-2: Strikes out swinging
|
Batting: RHB Neil Mautone
|
0-0: Called Strike 0-1: Ball 1-1: Called Strike 1-2: Strikes out looking
|
Top of the 8th over - 0 runs, 0 hits, 0 errors, 0 left on base; Portland 5 - New Hampshire 2 |
BOTTOM OF THE 8TH |
New Hampshire Fisher Cats batting - Pitching for Portland Sea Dogs : RHP Chris Cory
|
Pitching: RHP Pedro Torres
|
|
Batting: RHB Darren McCarty Jr.
|
0-0: Foul Ball, location: 2F 0-1: Foul Ball, location: 2F 0-2: Foul Ball, location: 2F 0-2: Foul Ball, location: 2F 0-2: Strikes out swinging
|
Batting: SHB Tristan Dearing
|
0-0: Called Strike 0-1: Fly out, F8 (Flyball, 78M, EV 90.0 MPH)
|
Batting: LHB Yoshinari Nara
|
0-0: Ball 1-0: Ball 2-0: Called Strike 2-1: Ball 3-1: Swinging Strike 3-2: Strikes out swinging
|
Bottom of the 8th over - 0 runs, 0 hits, 0 errors, 0 left on base; Portland 5 - New Hampshire 2 |
TOP OF THE 9TH |
Portland Sea Dogs batting - Pitching for New Hampshire Fisher Cats : RHP Omar Torres
|
Batting: LHB Jarrett Mordecai
|
0-0: Called Strike 0-1: Foul Ball, location: 2F 0-2: Ball 1-2: Foul Ball, location: 2F 1-2: SINGLE (Line Drive, 7S, EV 93.8 MPH)
|
Batting: RHB Joe Evrard
|
0-0: Ball 1-0: Sac Bunt to 2R - play at first, batter OUT! 2-4 Jarrett Mordecai to second
|
Batting: LHB Mike Jones
|
0-0: Called Strike 0-1: Ball 1-1: DOUBLE (Line Drive, 3D, EV 100.6 MPH) Jarrett Mordecai scores
|
Batting: RHB Kyle Holland
|
0-0: Fly out, F8 (Flyball, 8LXD, EV 96.9 MPH) Runner from 2nd tags up, SAFE at 3rd, no throw by CF
|
Batting: RHB Trent Hood
|
0-0: Swinging Strike 0-1: Ball 1-1: Ball 2-1: Foul Ball, location: 2F 2-2: Foul Ball, location: 2F 2-2: Ground out 4-3 (Groundball, 34, EV 106.9 MPH)
|
Top of the 9th over - 1 run, 2 hits, 0 errors, 1 left on base; Portland 6 - New Hampshire 2 |
BOTTOM OF THE 9TH |
New Hampshire Fisher Cats batting - Pitching for Portland Sea Dogs : RHP Pedro Torres
|
Batting: LHB Sumiki Okuhara
|
0-0: Called Strike 0-1: Ground out 6-3 (Groundball, 4M, EV 85.0 MPH)
|
Batting: RHB Adam McGurn
|
0-0: TRIPLE (Groundball, 3L, EV 98.1 MPH)
|
Batting: LHB Rodrigo Briceno
|
0-0: Ball 1-0: Ball 2-0: Foul Ball, location: 2F 2-1: Ball 3-1: Base on Balls
|
Batting: RHB Finn Ross
|
0-0: SINGLE (Groundball, 6MD, EV 101.2 MPH) Adam McGurn scores Rodrigo Briceno to second
|
Pinch Hitting: LHB Jesus Romero
|
0-0: Fielders Choice at 2nd, 3-6 (Groundball, 34S, EV 84.4 MPH) Rodrigo Briceno to third
|
Batting: RHB Cyril Husson
|
0-0: Called Strike 0-1: Swinging Strike 0-2: Ball 1-2: Foul Ball, location: 2F 1-2: Ground out 5-3 (Groundball, 56S, EV 70.6 MPH)
|
Bottom of the 9th over - 1 run, 2 hits, 0 errors, 2 left on base; Portland 6 - New Hampshire 3 |
|